 Dungeon Crawl Stone Soup version 0.32-a0-450-g080537f31e (webtiles) character file.

Game seed: 11804186587228650223

50 Aldia the Changeling (level 3, -1/27 HPs)
             Began as a Merfolk Shapeshifter on Feb 24, 2024.
             Slain by Terence
             ... wielding a +0 falchion
              (11 damage)
             ... on level 2 of the Dungeon.
             The game lasted 00:01:45 (1019 turns).

Aldia the Changeling (Merfolk Shapeshifter)         Turns: 1019, Time: 00:01:45

Health: -1/27      AC:  2    Str: 16    XL:     3   Next: 79%
Magic:  3/3        EV: 12    Int:  9    God:
Gold:   65         SH:  0    Dex: 13    Spells: 2/2 levels left

rFire   . .          .
                       - Unarmed
rCold   + . .        (no shield)
rNeg    . . .        a - +0 animal skin
rPois   .            (helmet currently unavailable)
rElec   .            (cloak currently unavailable)
rCorr   .            (gloves currently unavailable)
SInv    .            (boots currently unavailable)
Will    .....        (no amulet)
Stlth   +            g - ring of protection from cold
HPRegen 0.24/turn    (no ring)
MPRegen 0.08/turn

%: no passive effects
@: beast-form
A: beast (slay +2), (nimble swimmer 2), mertail
a: Begin Untransformation


You were on level 2 of the Dungeon.
You were a hulking beast.
You visited 1 branch of the dungeon, and saw 2 of its levels.

You collected 65 gold pieces.

Inventory:

Armour
 a - a +0 animal skin (worn)
Jewellery
 g - a ring of protection from cold (left hand)
Talismans
 c - a beast talisman (active)
 d - a flux talisman
Scrolls
 f - a scroll of enchant armour {unknown}
 j - a scroll of vulnerability {unknown}
Potions
 e - a potion of enlightenment {unknown}
 h - a potion of brilliance {unknown}
 i - a potion of resistance {unknown}


   Skills:
 + Level 2.0 Fighting
 - Level 3.0 Dodging
 * Level 4.2 Unarmed Combat
 + Level 4.4 Shapeshifting


You had 2 spell levels left.
You didn't know any spells.
Your spell library was empty.

Dungeon Overview and Level Annotations

Branches:
Dungeon (2/15)

Altars:
Wu Jian

Annotations:
D:2 Terence


Innate Abilities, Weirdness & Mutations

You are a hulking beast.
Your limbs bulge with bestial killing power. (Slay +2)
((You are very nimble when in or above water. (Stealth+, EV+, Speed+++)))
Your lower body shifts to a powerful aquatic tail in water.


Message History

Terence shouts!
Terence shouts, "Get ready for death!"
Okay, then.
Okay, then.
Press: ? - help, v - describe, . - travel, g - get item Item here: a Grand Grimoire.
The floor.
Unknown command.
You hit Terence.
Terence is lightly wounded.
Terence hits you with a +0 falchion.
You barely miss Terence.
Terence is lightly wounded.
Terence hits you with a +0 falchion.
You hit Terence but do no damage.
Terence is lightly wounded.
Terence closely misses you.
You hit Terence.
Terence is moderately wounded.
Terence hits you with a +0 falchion!
You hit Terence.
Terence is moderately wounded.
Terence screams, "I want your blood!" Terence closely misses you.
You hit Terence.
Terence is severely wounded.
You hit Terence but do no damage.
Terence is severely wounded.
Terence closely misses you.
You hit Terence but do no damage.
Terence is severely wounded.
Terence barely misses you.
You hit Terence but do no damage.
Terence is severely wounded.
Terence hits you with a +0 falchion.
You hit Terence.
Terence is almost dead.
Terence hits you with a +0 falchion!
You die...
Terence says, "Rest in peace."

..# #.# .### #.# ... ##)##
##:##...###.. # #...........
#...##.##...# . .......@h..# . .#
##########.# #.###.##... #.# #.#
.......... #.# ##'#####..#......
#.# ##...##.....# #.# #.###
##.....#.....####.# #.#.##
##.....)..._..#.##.#
######....####................#.#
.............'................<.#


You could see Terence.

Vanquished Creatures
  An adder (D:2)
  2 dart slugs (D:1)
  4 ball pythons (D:1)
  6 endoplasms
  A giant cockroach (D:1)
  2 goblins (D:1)
  2 hobgoblins
  3 jackals (D:1)
  2 quokkas (D:1)
  4 bats
  4 kobolds
  3 rats (D:1)
34 creatures vanquished.

Notes
Turn   | Place    | Note
-------+----------+-------------------------------------------
     0 | D:1      | Aldia the Merfolk Shapeshifter began the quest for the Orb.
     0 | D:1      | Reached XP level 1. HP: 15/15 MP: 1/1
    91 | D:1      | Reached XP level 2. HP: 18/21 MP: 2/2
   344 | D:1      | Reached XP level 3. HP: 26/27 MP: 3/3
   786 | D:2      | Found an ornate altar of the Wu Jian Council.
  1005 | D:2      | Noticed Terence
  1019 | D:2      | Slain by Terence

Illustrated notes

Levels and vault maps discovered:
D:1:      dpeg_arrival_pond, layout_loops_ring
D:2:      layout_loops_corners, basic_altar, serial_shops,
          nicolae_shop_back_alley_shop, uniq_terence

Skill      XL: |  1  2  3 |
---------------+----------+-----
Dodging        | 3 |  3.0
Unarmed Combat | 4 |  4.2
Fighting       | 2 |  2.0
Shapeshifting  | |  4.4

Action                     || total
---------------------------++-------
  Melee: Unarmed           ||   108
         Punch             ||     1
    Use: Potion            ||     1
   Stab: Sleeping          ||     3
 Armour: Animal skin       ||    44
         Skin              ||     1
  Dodge: Dodged            ||    59

Table legend: (Time is in decaauts)
 A = Elapsed time spent in this place.
 B = Non-inter-level travel time spent in this place.
 C = Inter-level travel time spent in this place.
 D = Time resting spent in this place.
 E = Time spent auto-exploring this place.
 F = Levels seen in this place.
 G = Mean time per level.
                   A        B        C        D        E       F      G
               +--------+--------+--------+--------+--------+-----+--------+
         Total |   1006 |    972 |     34 |     97 |    663 |   2 |  503.0 |
       Dungeon |   1006 |    972 |     34 |     97 |    663 |   2 |  503.0 |
               +--------+--------+--------+--------+--------+-----+--------+

Top non-repeatable levels by time:
     D:1: 776 daAuts
     D:2: 230 daAuts
